 Dungeon Crawl Stone Soup version 0.19-a0-628-g9200b3b (webtiles) character file.

4595 georgeearnest the Cleaver (level 10, -1/90 HPs)
             Began as a Hill Orc Fighter on June 13, 2016.
             Was a Follower of Beogh.
             Killed from afar by an orc wizard (8 damage)
             ... with a magic dart
             ... on level 6 of the Dungeon.
             The game lasted 00:10:00 (6090 turns).

georgeearnest the Cleaver (Hill Orc Fighter)        Turns: 6090, Time: 00:10:02

Health: -1/90      AC:  8    Str: 23    XL:     10   Next: 41%
Magic:  9/13       EV: 10    Int: 11    God:    Beogh [*.....]
Gold:   322        SH: 11    Dex: 10    Spells: 0 memorised, 13 levels left

rFire  . . .     SeeInvis .     a - +0 war axe
rCold  . . .     Gourm    .     b - +0 scale mail
rNeg   . . .     Faith    .     c - +0 shield
rPois  .         Spirit   .     (no helmet)
rElec  .         Dismiss  .     (no cloak)
rCorr  .         Reflect  .     (no gloves)
SustAt .         Harm     +     (no boots)
MR     .....                    k - amulet of harm
Stlth  +.........               (no ring)
                                i - +3 ring of intelligence

@: not resistant to hostile enchantments, very unstealthy
A: no striking features
a: Renounce Religion


You were on level 6 of the Dungeon.
You worshipped Beogh.
Beogh was aware of your devotion.
You were not hungry.

You visited 1 branch of the dungeon, and saw 7 of its levels.

You collected 322 gold pieces.

Inventory:

Hand Weapons
 a - a +0 war axe (weapon)
Armour
 b - a +0 scale mail (worn)
 c - a +0 shield (worn)
Jewellery
 i - a +3 ring of intelligence (left hand)
 k - an amulet of harm (around neck)
Wands
 C - a wand of random effects (25/48)
Scrolls
 f - a scroll of amnesia {unknown}
 g - 6 scrolls of identify {unknown}
 h - 6 scrolls of remove curse {unknown}
 m - a scroll of fog
 n - a scroll of enchant armour {unknown}
 p - a scroll of blinking {unknown}
 q - a scroll of noise {unknown}
 u - 3 scrolls of teleportation {unknown}
 w - 2 scrolls of random uselessness {unknown}
 x - a scroll of fear {unknown}
 y - a scroll of immolation {unknown}
Potions
 d - a potion of curing {unknown}
 o - a potion of magic
 t - 3 potions of mutation
 A - a potion of cure mutation
Comestibles
 j - 9 fruits
 l - a meat ration
 v - 3 bread rations
 z - a royal jelly
 B - a beef jerky


   Skills:
 + Level 8.5 Fighting
 + Level 8.9 Axes
 + Level 2.7 Throwing
 + Level 7.8 Armour
 + Level 5.0 Dodging
 + Level 2.9 Stealth
 + Level 8.1 Shields
 + Level 3.4 Unarmed Combat
 + Level 2.3 Spellcasting
 + Level 4.2 Invocations
 + Level 3.2 Evocations


You had 13 spell levels left.
You didn't know any spells.

Dungeon Overview and Level Annotations

Branches:
Dungeon (7/15)
 Temple: D:4-7

Altars:
Kikubaaqudgha
Makhleb
Nemelex Xobeh
Qazlal
Uskayaw
Xom

Shops:
D:5 (

Annotations:
D:4 Eustachio


Message History

Your Dodging skill increases to level 5!
Your Stealth skill gained 2 levels and is now at level 2!
Your Shields skill increases to level 8!
Your Unarmed Combat skill gained 3 levels and is now at level 3!
Your Spellcasting skill gained 2 levels and is now at level 2!
Your Invocations skill gained 4 levels and is now at level 4!
Your Evocations skill gained 3 levels and is now at level 3!
You have reached level 10!
You feel stronger.
The orc wizard hits you but does no damage.
The giant frog barely misses you.
It was a potion of cancellation.
Your magical effects are unravelling.
Your magical contamination has completely faded away.
You feel magically purged.
You feel yourself slow down. The orc wizard casts a spell at you.
The magic dart hits you!
You die...
Beogh appreciates the orc wizard's killing of a heretic priest.

#.. ######## ##.
##...#..##+#####. ##
#................... #
#...................
#....((((...........
#....##.(..##.......
#######...##..(o# .......
#...(.....##...@# .......
#..(#.....+....F##(....?.
#...#.....#....((>....(..
#)..#.....##....##.......
#...#.....#####+# .......
###### #...#...........#
....... #>....
#...##..........##.......
#.....
#...##...................
#..... #...##....##....#
....... #.....


You could see a giant frog and an orc wizard.

Vanquished Creatures
  Grinder (D:3)
  Menkaure (D:6)
  Edmund (D:5)
  A phantom (D:4)
  A necrophage (D:5)
  An ogre (D:4)
  4 centaurs (D:6)
  4 giant frogs
  3 scorpions
  A howler monkey (D:4)
  2 vampire bats (D:6)
  The ghost of Foomius the Grave Robber, a weakling DsNe (D:4)
  3 crimson imps
  2 hounds (D:3)
  3 orc wizards
  2 orc priests (D:5)
  2 giant frog skeletons
  Jessica (D:3)
  Ijyb (D:3)
  3 worker ants
  A killer bee zombie (D:5)
  A hound skeleton (D:6)
  2 worker ant zombies
  A gnoll (D:3)
  3 adders
  A shadow imp (D:5)
  2 oozes
  2 adder skeletons
  An adder zombie (D:5)
  6 worms
  A dart slug (D:1)
  A giant gecko (D:3)
  17 orcs
  3 ball pythons
  6 bats
  A bat skeleton (D:6)
  4 bat zombies (D:6)
  8 giant cockroaches
  7 goblins
  10 hobgoblins
  14 jackals
  3 quokkas
  5 giant newts
  3 kobolds
  8 rats
149 creatures vanquished.

Vanquished Creatures (others)
  An orc wizard (D:6)
1 creature vanquished.

Grand Total: 150 creatures vanquished

Notes
Turn   | Place    | Note
--------------------------------------------------------------
     0 | D:1      | georgeearnest the Hill Orc Fighter began the quest for the Orb.
     0 | D:1      | Reached XP level 1. HP: 19/19 MP: 1/1
   112 | D:1      | Reached XP level 2. HP: 27/27 MP: 2/2
   577 | D:1      | Reached XP level 3. HP: 33/33 MP: 3/3
   878 | D:2      | Found a sparkling altar of Nemelex Xobeh.
  1155 | D:3      | Reached XP level 4. HP: 41/41 MP: 4/4
  1188 | D:3      | Reached XP level 5. HP: 17/47 MP: 5/5
  1507 | D:3      | Noticed Ijyb
  1518 | D:3      | Killed Ijyb
  1683 | D:3      | Noticed Jessica
  1687 | D:3      | Killed Jessica
  1687 | D:3      | Reached skill level 5 in Fighting
  1745 | D:3      | Reached XP level 6. HP: 52/56 MP: 6/6
  1926 | D:3      | Noticed Grinder
  1930 | D:3      | Paralysed by Grinder for 4 turns
  1936 | D:3      | Paralysed by Grinder for 3 turns
  1944 | D:3      | Killed Grinder
  1944 | D:3      | Reached skill level 1 in Dodging
  1944 | D:3      | Reached XP level 7. HP: 29/61 MP: 7/7
  2280 | D:3      | Reached skill level 5 in Armour
  2428 | D:4      | Reached skill level 5 in Axes
  2428 | D:4      | Reached skill level 5 in Shields
  2954 | D:4      | Noticed Foomius's ghost (weakling DsNe)
  3131 | D:4      | Killed Foomius's ghost
  3227 | D:4      | Found a hide-covered altar of Uskayaw.
  3227 | D:4      | Noticed a dagger
  3227 | D:4      | Noticed a dagger
  3421 | D:4      | Found a stormy altar of Qazlal.
  3538 | D:4      | Reached XP level 8. HP: 69/70 MP: 8/8
  3561 | D:4      | Noticed Eustachio
  3621 | D:4      | You fall through a shaft!
  3621 | D:5      | Entered Level 5 of the Dungeon
  3987 | D:5      | Noticed Edmund
  4015 | D:5      | Killed Edmund
  4206 | D:5      | Found an ancient bone altar of Kikubaaqudgha.
  4208 | D:5      | Became a worshipper of Beogh the Brigand
  4292 | D:5      | Found Zeyrghy's Antique Weapon Shop.
  4460 | D:5      | Found a shimmering altar of Xom.
  4461 | D:5      | Found a burning altar of Makhleb.
  4933 | D:6      | Noticed Menkaure
  4951 | D:6      | Killed Menkaure
  5196 | D:6      | Reached XP level 9. HP: 77/78 MP: 9/9
  5243 | D:6      | Reached * piety under Beogh
  5245 | D:6      | Found an ancient bone altar of Kikubaaqudgha.
  6086 | D:6      | Gained mutation: You are resistant to hostile enchantments. (MR+) [potion of mutation]
  6086 | D:6      | Gained mutation: You expend magic power (3 MP) to strengthen your wands. [potion of mutation]
  6086 | D:6      | Gained mutation: You are somewhat resistant to further mutation. [potion of mutation]
  6087 | D:6      | Lost mutation: You expend magic power (3 MP) to strengthen your wands. [potion of cure mutation]
  6087 | D:6      | Lost mutation: You are somewhat resistant to further mutation. [potion of cure mutation]
  6087 | D:6      | Lost mutation: You are resistant to hostile enchantments. (MR+) [potion of cure mutation]
  6089 | D:6      | Reached skill level 5 in Dodging
  6089 | D:6      | Reached XP level 10. HP: 6/90 MP: 9/13
  6090 | D:6      | Killed from afar by an orc wizard

Vault maps used:
D:1:      dpeg_arrival_connections
D:2:      nemelex_diamond_rough_becter
D:3:      first_bread, cheibrodos_gnoll_hut, uniq_jessica, uniq_grinder,
          uniq_iyjb
D:4:      grunt_qazlal_clouds, dancing_weapons_uskayaw,
          nicolae_dithmenos_shadow_blocks, uniq_duvessa, uniq_eustachio
D:5:      grunt_temple_overflow_champion_of_chaos, serial_shops,
          nicolae_shop_stone, basic_altar, kennysheep_flooded_box,
          grunt_decor_fettered, grunt_ministairs_2, grunt_decor_one_mirror,
          uniq_edmund
D:6:      kennysheep_vampire_church, minmay_temple_entry_fiery, uniq_menkaure
D:7:      gammafunk_pakellas_cloud_experiment, grunt_livestock,
          minmay_misc_feat_doors, uniq_joseph

Skill      XL: |  1  2  3  4  5  6  7  8  9 |
---------------+----------------------------+-----
Fighting       | 4 5 6 8 |  8.5
Armour         | 4 5 6 7 |  7.8
Axes           | 3 4 5 7 8 |  8.9
Shields        | 4 5 6 8 |  8.1
Dodging        | 1 2 3 5 |  5.0
Throwing       | 2 |  2.7
Stealth        | 2 |  2.9
Unarmed Combat | 3 |  3.4
Spellcasting   | 2 |  2.3
Invocations    | 4 |  4.2
Evocations     | 3 |  3.2

Action                   |  1- 3 |  4- 6 |  7- 9 | 10-12 || total
-------------------------+-------+-------+-------+-------++-------
Melee: War axe           |   102 |    85 |   406 |       ||   593
Invok: Convert to Beogh  |       |       |     1 |       ||     1
  Use: Potion            |       |       |     9 |     1 ||    10
       Scroll            |       |       |     1 |       ||     1
  Eat: Bread ration      |     1 |       |       |       ||     1
       Meat ration       |       |       |     3 |       ||     3
       Royal jelly       |       |       |     1 |       ||     1
Armor: Scale mail        |    37 |    45 |   165 |     1 ||   248
Dodge: Dodged            |    24 |    38 |   146 |     1 ||   209
Block: Shield            |    54 |    58 |   275 |       ||   387
